 Dungeon Crawl Stone Soup version 0.30-a0-165-g1891117ce2 (webtiles) character file.

Game seed: 11752820097548483684

404 qw the Chopper (level 6, -3/39 HPs)
             Began as a Gargoyle Fighter on Sept 28, 2022.
             Slain by Duvessa
             ... wielding a +0 rapier
              (19 damage)
             ... on level 4 of the Dungeon.
             The game lasted 00:01:44 (3520 turns).

qw the Chopper (Gargoyle Fighter)                   Turns: 3520, Time: 00:01:44

Health: -3/39      AC: 17    Str: 18 (21) XL:     6   Next: 86%
Magic:  6/6        EV:  5    Int:  6 (9)  God:
Gold:   25         SH:  4    Dex:  9      Spells: 5/5 levels left

rFire   . . .      SeeInvis .    Y - +1 war axe
rCold   . . .      Faith    .    c - +0 buckler
rNeg    + . .      Spirit   .    m - +0 plate armour
rPois   inf        Reflect  .    f - +0 helmet
rElec   +          Harm     .    (no cloak)
rCorr   .          Rampage  .    (no gloves)
Will    .....                    (no boots)
Stlth   ..........               g - amulet of regeneration
HPRegen 0.93/turn                (no ring)
MPRegen 0.10/turn                (no ring)

@: no status effects
A: sickness immunity, AC +4, negative energy resistance 1, electricity
resistance, torment resistance 1, petrification resistance
a: no special abilities


You were on level 4 of the Dungeon.
You visited 2 branches of the dungeon, and saw 5 of its levels.

You collected 97 gold pieces.
You spent 72 gold pieces at shops.


Innate Abilities, Weirdness & Mutations

You are immune to sickness and miasma.
Your stone body is resilient. (AC +4)
You are immune to poison.
You resist negative energy. (rN+)
You are resistant to electric shocks. (rElec)
You are resistant to unholy torment.
You are immune to petrification.


   Skills:
 - Level 4.3 Fighting
 - Level 6.0 Axes
 + Level 3.2 Armour
 - Level 3.2 Shields


You had 5 spell levels left.
You didn't know any spells.
Your spell library was empty.

Inventory:

Hand Weapons
 b - a +0 morningstar
 Y - a +1 war axe (weapon)
Armour
 c - a +0 buckler (worn)
 f - a +0 helmet (worn)
 i - a +0 cloak
 m - a +0 plate armour (worn)
Jewellery
 g - an amulet of regeneration (around neck)
Scrolls
 a - 2 scrolls of teleportation
Potions
 d - a potion of might
 e - a potion of magic {unknown}
 h - a potion of brilliance {unknown}
 j - 3 potions of lignification
 k - a potion of ambrosia {unknown}
 l - a potion of curing
 n - a potion of heal wounds {unknown}

Dungeon Overview and Level Annotations

Branches:
Dungeon (4/15)             Temple (1/1) D:4

Altars:
Cheibriados
Dithmenos
Fedhas
Kikubaaqudgha
Makhleb
Qazlal
Ru
Sif Muna
Trog
Uskayaw
Yredelemnul
Zin
The Shining One

Shops:
D:4 !:

Annotations:
D:4 Duvessa, Edmund


Message History

You barely miss Dowan.
Dowan is severely wounded.
Dowan says, "Stay away from my face!"
Dowan closely misses you.
You release spores at Dowan!
You kill Dowan!
You hear a distant scream of rage.
You feel your dexterity returning.
Your Axes skill increases to level 6!
You start waiting.
You stop sporulating.
Your +1 war axe unmelds from your body.
Your +0 helmet unmelds from your body.
Your +0 buckler unmelds from your body.
Your +0 plate armour unmelds from your body.
Done waiting.
Duvessa, Sister of Dowan comes into view.
She is wielding a +0 rapier.
Duvessa shouts!
Duvessa goes berserk!
You hit Duvessa.
Duvessa is lightly wounded.
Duvessa hits you with a +0 rapier! Duvessa barely misses you.
You slash Duvessa!
Duvessa is moderately wounded.
Duvessa hits you but does no damage. You block Duvessa's attack.
You slash Duvessa!
Duvessa is moderately wounded.
Duvessa hits you with a +0 rapier. Duvessa hits you with a +0 rapier!
You slash Duvessa!
Duvessa is heavily wounded.
Duvessa hits you with a +0 rapier.
You hit Duvessa but do no damage.
Duvessa is heavily wounded.
Duvessa hits you but does no damage. Duvessa barely misses you.
You barely miss Duvessa.
Duvessa is heavily wounded.
You block Duvessa's attack. Duvessa hits you with a +0 rapier.
You barely miss Duvessa.
Duvessa is heavily wounded.
Duvessa hits you with a +0 rapier!!
You die...

.#.......<....#.##.......#
###.........##.###.....#
....###..............##
##..# #........####.##
..........####.#
##........##>..#
#).......##.#)#
#......e.##.#.#
........@.....#
........###.### #######
#.# #.# ..# ###


You could see Duvessa (berserk).

Vanquished Creatures
  A scorpion (D:2)
  Dowan (D:4)
  An orc priest (D:3)
  An iguana (D:2)
  Robin (D:3)
  7 gnolls
  3 adders
  A river rat (D:3)
  3 worms (D:3)
  5 dart slugs
  3 orcs (D:3)
  12 bats
  8 endoplasms
  7 giant cockroaches
  14 hobgoblins
  A jackal (D:1)
  7 kobolds
  6 quokkas
  6 ball pythons
  3 frilled lizards
  15 goblins
  6 rats
112 creatures vanquished.

Notes
Turn   | Place    | Note
-------+----------+-------------------------------------------
     0 | D:1      | qw the Gargoyle Fighter began the quest for the Orb.
     0 | D:1      | Reached XP level 1. HP: 14/14 MP: 1/1
     0 | D:1      | 0 ||| qw: Version: 0.2-a-12-gaebbb33
     0 | D:1      | 0 ||| qw: Game counter: 833
     0 | D:1      | 0 ||| qw: Always use a shield: true
     0 | D:1      | 0 ||| qw: God list: Okawaru
     0 | D:1      | 0 ||| qw: Allow faded altars: false
     0 | D:1      | 0 ||| qw: Do Orc after D:15 true
     0 | D:1      | 0 ||| qw: Do second Lair branch before Depths: true
     0 | D:1      | 0 ||| qw: Lair rune preference: random
     0 | D:1      | 0 ||| qw: Plans: Normal, Zot:1-4, God:TSO, Crypt, Tomb,
                  | Pan, Slime:5, Hells, Abyss, Orb
     0 | D:1      | 0 ||| PLANNING D:1-11
    25 | D:1      | Reached skill level 2 in Axes
   106 | D:1      | Reached XP level 2. HP: 19/19 MP: 2/2
   278 | D:1      | 278 ||| Stepping ~*~*~tactically~*~*~ (stealth).
   419 | D:1      | 419 ||| DROPPING +0 club.
   503 | D:1      | 503 ||| Stepping ~*~*~tactically~*~*~ (stealth).
   516 | D:1      | Reached skill level 3 in Axes
   549 | D:1      | 549 ||| Stepping ~*~*~tactically~*~*~ (stealth).
   550 | D:1      | 550 ||| Stepping ~*~*~tactically~*~*~ (stealth).
   551 | D:1      | 551 ||| Stepping ~*~*~tactically~*~*~ (stealth).
   565 | D:1      | 565 ||| Stepping ~*~*~tactically~*~*~ (hiding).
   571 | D:1      | Reached XP level 3. HP: 18/23 MP: 3/3
   852 | D:1      | Found a faded altar of an unknown god.
  1121 | D:1      | 1121 ||| READING 2 scrolls labelled XUCUSE JYONGIP.
  1124 | D:1      | 1124 ||| READING scroll labelled TASAIL EHYSMOR.
  1125 | D:1      | 1125 ||| READING scroll labelled TAPNOKLI ABABE.
  1126 | D:1      | 1126 ||| READING scroll labelled VIRA HUAFAYQ.
  1127 | D:1      | 1127 ||| READING scroll labelled HASYEM WAAJ.
  1157 | D:2      | Noticed a scorpion
  1167 | D:2      | Killed a scorpion
  1168 | D:2      | Reached skill level 4 in Axes
  1168 | D:2      | Reached XP level 4. HP: 20/28 MP: 4/4
  1169 | D:2      | 1169 ||| STAIRDANCE
  1433 | D:2      | Reached XP level 5. HP: 32/32 MP: 5/5
  1448 | D:2      | 1448 ||| Stepping ~*~*~tactically~*~*~ (hiding).
  1476 | D:2      | Reached skill level 5 in Axes
  1951 | D:2      | 1951 ||| UPGRADING to +0 chain mail.
  1961 | D:2      | 1961 ||| DROPPING +0 scale mail.
  1962 | D:2      | 1962 ||| UPGRADING to amulet of regeneration.
  1967 | D:2      | 1967 ||| READING scroll labelled PUETEF JIRCHITYS.
  1968 | D:2      | 1968 ||| READING scroll labelled KOOTTALISAA.
  1974 | D:3      | 1974 ||| PLANNING SEWER
  2033 | D:3      | 2033 ||| DROPPING +0 mace.
  2124 | D:3      | 2124 ||| Stepping ~*~*~tactically~*~*~ (stealth).
  2126 | D:3      | 2126 ||| Stepping ~*~*~tactically~*~*~ (hiding).
  2137 | D:3      | Reached XP level 6. HP: 37/39 MP: 6/6
  2456 | D:3      | Found a snail-covered altar of Cheibriados.
  2546 | D:3      | 2546 ||| Stepping ~*~*~tactically~*~*~ (stealth).
  2556 | D:3      | 2556 ||| Stepping ~*~*~tactically~*~*~ (stealth).
  2561 | D:3      | Noticed Robin
  2562 | D:3      | 2562 ||| Stepping ~*~*~tactically~*~*~ (hiding).
  2567 | D:3      | 2567 ||| Stepping ~*~*~tactically~*~*~ (hiding).
  2574 | D:3      | Killed Robin
  2668 | D:3      | 2668 ||| RIP SEWER
  2669 | D:3      | 2669 ||| PLANNING D:1-11
  2857 | D:3      | 2857 ||| UPGRADING to +0 helmet.
  2862 | D:3      | 2862 ||| UPGRADING to +0 plate armour.
  2872 | D:3      | 2872 ||| DROPPING +0 chain mail.
  2873 | D:3      | 2873 ||| DRINKING 2 fuming silvery potions.
  2874 | D:3      | 2874 ||| DRINKING 2 golden potions.
  2875 | D:3      | 2875 ||| DRINKING 2 lumpy clear potions.
  2914 | D:3      | 2914 ||| DROPPING potion of flight.
  2915 | D:3      | 2915 ||| DROPPING potion of degeneration.
  2959 | D:4      | Noticed Edmund
  2998 | D:4      | HP: 8/39 [Edmund/+1 flail of protection (4)]
  2999 | D:4      | 2999 ||| READING 3 scrolls of teleportation.
  3053 | D:4      | Found a staircase to the Ecumenical Temple.
  3071 | D:4      | 3071 ||| PLANNING TEMPLE
  3082 | Temple   | Entered the Ecumenical Temple
  3250 | Temple   | 3250 ||| PLANNING D:1-11
  3310 | D:4      | Found Ocipt's Book Shop.
  3312 | D:4      | Found Qaptochu's Distillery.
  3357 | D:4      | 3357 ||| BUYING 2 potions of lignification (72 gold).
  3357 | D:4      | Bought 2 potions of lignification for 72 gold pieces
  3357 | D:4      | 3357 ||| SHOPLISTING potion of cancellation (96 gold, have
                  | 25).
  3357 | D:4      | 3357 ||| SHOPLISTING potion of curing (36 gold, have 25).
  3357 | D:4      | 3357 ||| SHOPLISTING potion of heal wounds (60 gold, have
                  | 25).
  3357 | D:4      | 3357 ||| SHOPLISTING potion of resistance (120 gold, have
                  | 25).
  3383 | D:4      | Noticed Dowan
  3405 | D:4      | Killed Dowan
  3406 | D:4      | Reached skill level 6 in Axes
  3510 | D:4      | Noticed Duvessa
  3520 | D:4      | Slain by Duvessa

Levels and vault maps discovered:
D:1:      amcnicky_arrival_gap_in_the_tavern_cellar, layout_basic,
          dilly_ecumenical_altar_fadedgnrine, serial_bayou_pond_b,
          minmay_misc_feat_more_columns, hangedman_decor_growths
D:2:      layout_basic, minmay_misc_feat_secret_circle
D:3:      layout_basic, kennysheep_slug_shrine, gup_sewer_entry_spiral,
          minmay_bisected, uniq_robin
D:4:      layout_loops_cross, lemuel_coloured_pillars_altar,
          mainiacjoe_overflow_brackets, minmay_temple_entry_stoned_glass,
          serial_shops, shop, shop, shop_fountains, uniq_edmund, uniq_duvessa,
          uniq_menkaure, uniq_natasha
Temple:   nicolae_temple_slightly_damp_pantheon

Skill      XL: |  1  2  3  4  5  6 |
---------------+-------------------+-----
Axes           | 2 3 4 5 6 |  6.0
Fighting       | 4 |  4.3
Armour         | |  3.2
Shields        | |  3.2

Action                   |  1- 3 |  4- 6 || total
-------------------------+-------+-------++-------
Melee: War axe           |   101 |   241 ||   342
       Unarmed           |       |     7 ||     7
  Use: Scroll            |     5 |     3 ||     8
       Potion            |       |     3 ||     3
Armor: Scale mail        |    54 |    20 ||    74
       Chain mail        |       |    62 ||    62
       Plate armour      |       |    33 ||    33
       Skin              |       |     1 ||     1
Dodge: Dodged            |    55 |    68 ||   123
Block: Buckler           |    29 |    38 ||    67

Table legend:
 A = Non-vault XP
 B = Vault XP
 C = Vault XP percentage of total XP
 D = Non-vault monster count
 E = Vault monster count
 F = Vault count percentage of total count
                 A         B        C        D         E       F
            +---------+---------+-------+---------+---------+-------
      Total |     432 |     146 |  25.3 |      86 |      26 |  23.2
            +---------+---------+-------+---------+---------+-------
        D:1 |      53 |       8 |  13.1 |      32 |       4 |  11.1
        D:2 |     219 |       0 |   0.0 |      28 |       0 |   0.0
        D:3 |      93 |      65 |  41.1 |      18 |      21 |  53.8
        D:4 |      67 |      73 |  52.1 |       8 |       1 |  11.1
            +---------+---------+-------+---------+---------+-------
